 Dungeon Crawl Stone Soup version 0.31-a0-196-g86fe4a5e66 (webtiles) character file.

Game seed: 9692206474547197252

41 qw the Shooter (level 3, -3/20 HPs)
             Began as a Deep Elf Hunter on June 24, 2023.
             Slain by an orc priest
             ... wielding a +0 flail
              (6 damage)
             ... on level 3 of the Dungeon.
             The game lasted 00:00:27 (1562 turns).

qw the Shooter (Deep Elf Hunter)                    Turns: 1562, Time: 00:00:28

Health: -3/20      AC:  5    Str: 10    XL:     3   Next: 32%
Magic:  5/5        EV: 16    Int: 13    God:
Gold:   136        SH:  0    Dex: 18    Spells: 2/2 levels left

rFire   . . .        Y - +0 shortbow
rCold   . . .        (shield currently unavailable)
rNeg    . . .        i - +0 ring mail
rPois   .            (no helmet)
rElec   .            (no cloak)
rCorr   .            (no gloves)
SInv    .            (no boots)
Will    .....        (no amulet)
Stlth   +            j - +5 ring of evasion
HPRegen 0.23/turn    (no ring)
MPRegen 0.09/turn

%: no passive effects
@: no status effects
A: no striking features
a: no special abilities


You were on level 3 of the Dungeon.
You visited 1 branch of the dungeon, and saw 3 of its levels.

You collected 136 gold pieces.


   Skills:
 - Level 1.5 Fighting
 + Level 6.9 Ranged Weapons
 - Level 2.4 Dodging
 - Level 1.2 Stealth


You had 2 spell levels left.
You didn't know any spells.
Your spell library was empty.

Inventory:

Hand Weapons
 Y - a +0 shortbow (weapon)
Armour
 i - a +0 ring mail (worn)
Jewellery
 j - a +5 ring of evasion (left hand)
Scrolls
 a - a scroll of identify {unknown}
Potions
 b - 2 potions of curing
 d - a potion of brilliance {unknown}
 e - a potion of lignification {unknown}
 f - a potion of mutation {unknown}
 g - a potion of heal wounds {unknown}

Dungeon Overview and Level Annotations

Branches:
Dungeon (3/15)

Altars:
Ashenzari


Message History

A rat comes into view.
You shoot an arrow. The arrow hits the rat!
You kill the rat!
An orc priest comes into view. It is wielding a +0 flail.
You shoot an arrow.
The arrow hits the orc priest but does no damage.
You shoot an arrow.
The arrow hits the orc priest but does no damage.
The orc priest mumbles some strange prayers to Beogh against you.
Beogh smites you!
Ouch! That really hurt!
You shoot an arrow. The arrow hits the orc priest.
The orc priest is lightly wounded.
You shoot an arrow.
The arrow closely misses the orc priest.
An orc comes into view. It is wielding a +0 mace.
You shoot an arrow.
The arrow hits the orc priest but does no damage.
The orc priest is lightly wounded.
The orc priest barely misses you.
You shoot an arrow. The arrow barely misses the orc priest.
The orc priest closely misses you.
You shoot an arrow.
The arrow hits the orc priest but does no damage.
The orc priest is lightly wounded.
The orc priest misses you. The orc priest closely misses you.
You shoot an arrow. The arrow hits the orc priest.
The orc priest is moderately wounded.
The orc priest closely misses you.
You shoot an arrow.
The arrow hits the orc priest but does no damage.
The orc priest is moderately wounded.
The orc priest hits you with a +0 flail!
You shoot an arrow. The arrow barely misses the orc priest.
The orc barely misses you. The orc priest closely misses you.
You shoot an arrow.
The arrow hits the orc priest but does no damage.
The orc priest is moderately wounded.
The orc priest hits you with a +0 flail.
You die...

.#.#.. ##
..... #.. ..).
... ... #.# ..
.. #^# ## #.#
#. #.# . #.#
#o####.## #.
#.#.#
#o@.....####.#
.. #.#.#
#............#
.# #.#.#
#.###.#.######
.# ##.#.# #.#
#.#.#
.####....# #.#
#.#.#
.........#
#.###.#.#
.####...##
#.#...#.# .#
##|##
#..#.##.# %#
#.# ##.###.#.#


You could see an orc priest and an orc.

Vanquished Creatures
  A worm (D:2)
  A dart slug (D:2)
  3 orcs (D:3)
  4 ball pythons
  2 endoplasms
  3 goblins
  2 hobgoblins
  A quokka (D:3)
  5 bats
  A frilled lizard (D:3)
  6 kobolds
  4 rats
33 creatures vanquished.

Notes
Turn   | Place    | Note
-------+----------+-------------------------------------------
     0 | D:1      | qw the Deep Elf Hunter began the quest for the Orb.
     0 | D:1      | Reached XP level 1. HP: 12/12 MP: 3/3
     0 | D:1      | 0 ||| qw: Version: 0.3-a-9-g12657ce
     0 | D:1      | 0 ||| qw: Game counter: 4835
     0 | D:1      | 0 ||| qw: Always use a shield: true
     0 | D:1      | 0 ||| qw: God list: Okawaru
     0 | D:1      | 0 ||| qw: Allow faded altars: false
     0 | D:1      | 0 ||| qw: Do Orc after D:15 true
     0 | D:1      | 0 ||| qw: Do second Lair branch before Depths: true
     0 | D:1      | 0 ||| qw: Lair rune preference: random
     0 | D:1      | 0 ||| qw: Plans: Normal
     0 | D:1      | 0 ||| PLANNING D:1-11
   430 | D:1      | Reached XP level 2. HP: 16/16 MP: 4/4
   432 | D:1      | Reached skill level 6 in Ranged Weapons
   563 | D:1      | 563 ||| DROPPING scroll of butterflies.
  1109 | D:2      | Found a broken altar of Ashenzari.
  1207 | D:2      | 1207 ||| UPGRADING to +0 ring mail.
  1217 | D:2      | 1217 ||| DROPPING +0 leather armour.
  1218 | D:2      | 1218 ||| UPGRADING to +5 ring of evasion.
  1219 | D:2      | 1219 ||| READING scroll labelled KYNEOC CERIU.
  1220 | D:2      | 1220 ||| DRINKING 3 metallic blue potions.
  1267 | D:3      | Reached XP level 3. HP: 20/20 MP: 5/5
  1560 | D:3      | HP: 3/20 [orc priest/+0 flail (8)]
  1562 | D:3      | Slain by an orc priest

Levels and vault maps discovered:
D:1:      reono_arrival_mine, layout_loops_ring
D:2:      layout_loops_ring, basic_altar
D:3:      layout_loops_ring, shapermc_ecumenical_altar_petra, serial_glass,
          glass_columns_c, glass_columns_b

Skill      XL: |  1  2 |
---------------+-------+-----
Ranged Weapons | 6 |  6.9
Fighting       | |  1.5
Dodging        | |  2.4
Stealth        | |  1.2

Action                     || total
---------------------------++-------
   Fire: Shortbow          ||   100
    Use: Scroll            ||     1
         Potion            ||     1
 Armour: Leather armour    ||     5
         Ring mail         ||     1
  Dodge: Dodged            ||    19

Table legend:
 A = Non-vault XP
 B = Vault XP
 C = Vault XP percentage of total XP
 D = Non-vault monster count
 E = Vault monster count
 F = Vault count percentage of total count
                 A         B        C        D         E       F
            +---------+---------+-------+---------+---------+-------
      Total |      59 |       0 |   0.0 |      33 |       0 |   0.0
            +---------+---------+-------+---------+---------+-------
        D:1 |      13 |       0 |   0.0 |      10 |       0 |   0.0
        D:2 |      21 |       0 |   0.0 |      10 |       0 |   0.0
        D:3 |      25 |       0 |   0.0 |      13 |       0 |   0.0
            +---------+---------+-------+---------+---------+-------
